 Dungeon Crawl Stone Soup version 0.22-a0-3-g4fa69d9 (webtiles) character file.

2667 hyperaryth the Grappler (level 9, -2/75 HPs)
             Began as a Troll Transmuter on Jan 1, 2018.
             Was a Believer of Makhleb.
             Slain by a spriggan baker
             ... wielding a +0 dagger
              (10 damage)
             ... on level 7 of the Dungeon.
             The game lasted 00:22:40 (6006 turns).

hyperaryth the Grappler (Troll Transmuter)          Turns: 6006, Time: 00:22:43

Health: -2/75      AC: 11    Str: 20    XL:     9   Next: 37%
Magic:  9/9        EV: 12    Int:  9    God:    Makhleb [**....]
Gold:   200        SH:  0    Dex: 13    Spells: 9/10 levels left

rFire    . . .     SeeInvis +     - Unarmed
rCold    . . .     Gourm    +   (no shield)
rNeg     . . .     Faith    .   b - +1 robe
rPois    +         Spirit   .   t - +2 hat
rElec    .         Reflect  .   f - +2 cloak
rCorr    .         Harm     .   (gloves unavailable)
MR       .....                  (boots unavailable)
Stlth    +.........             (no amulet)
HPRegen  0.62/turn              g - ring of poison resistance
MPRegen  0.11/turn              i - ring of see invisible

@: lethally poisoned (-2 -> -3), about to teleport, marked
A: large, unfitting armour, claws 3, fast metabolism 3, gourmand, regeneration
1, shaggy fur 1, tough skin 2
a: Minor Destruction, Renounce Religion


You were on level 7 of the Dungeon.
You worshipped Makhleb.
Makhleb was pleased with you.
You were completely stuffed.

You visited 2 branches of the dungeon, and saw 8 of its levels.

You collected 382 gold pieces.
You spent 182 gold pieces at shops.

Inventory:

Missiles
 a - 88 arrows
 o - 46 stones (quivered)
Armour
 b - a +1 robe (worn)
 f - a +2 cloak (worn)
 t - a +2 hat (worn)
Jewellery
 g - a ring of poison resistance (left claw)
 i - a ring of see invisible (right claw)
 z - an uncursed amulet of the gourmand {unknown}
Scrolls
 h - 3 scrolls of fear
 l - a scroll of teleportation
 n - 3 scrolls of remove curse
 p - a scroll of amnesia
 q - 4 scrolls of identify
 w - 2 scrolls of fog
Potions
 e - 3 potions of lignification
 j - a potion of heal wounds
 k - a potion of agility
 m - 2 potions of might
 r - 2 potions of mutation
 u - a potion of magic
 x - 3 potions of curing
Books
 c - a book of Changes

   Spells                             Type                      Level
   a - Beastly Appendage              Transmutation                1
   b - Sticks to Snakes               Transmutation                2
   c - Spider Form                    Transmutation/Poison         3
   d - Ice Form                       Ice/Transmutation            4
   e - Blade Hands                    Transmutation                5
 s - a book of Power

   Spells                             Type                      Level
   a - Iskenderun's Battlesphere      Conjuration/Charms           5
   b - Venom Bolt                     Conjuration/Poison           5
   c - Bolt of Magma                  Conjuration/Fire/Earth       5
   d - Iron Shot                      Conjuration/Earth            6
   e - Orb of Destruction             Conjuration                  7
   f - Spellforged Servitor           Conjuration/Summoning        7
 y - a book of Cantrips

   Spells                             Type                      Level
   a - Confusing Touch                Hexes                        1
   b - Animate Skeleton               Necromancy                   1
   c - Summon Small Mammal            Summoning                    1
   d - Apportation                    Translocation                1
Comestibles
 d - 14 rations


   Skills:
 - Level 0.7 Fighting
 + Level 4.3 Dodging
 - Level 12.0 Unarmed Combat
 - Level 1.2 Spellcasting
 - Level 1.3 Transmutations


You had 9 spell levels left.
You knew the following spells:

 Your Spells              Type           Power        Failure   Level  Hunger
a - Beastly Appendage     Tmut           #.....       21%         1    ##.....


Dungeon Overview and Level Annotations

Branches:
Dungeon (7/15)             Temple (1/1) D:4

Altars:
Ashenzari
Cheibriados
Dithmenos
Elyvilon
Fedhas
Gozag
Hepliaklqana
Kikubaaqudgha
Makhleb
Nemelex Xobeh
Okawaru
Qazlal
Ru
Sif Muna
Trog
Uskayaw
Vehumet
Xom
Yredelemnul
Zin
The Shining One

Shops:
D:4 ?   D:7 %


Innate Abilities, Weirdness & Mutations

You are too large for most types of armour.
You have claws for hands.
Your metabolism is lightning-fast.
You like to eat raw meat.
Your natural rate of healing is unusually fast.
You are covered in fur. (AC +1)
You have very tough skin. (AC +2)


Message History

The spriggan baker hits you but does no damage.
You miss the killer bee. The killer bee barely misses you.
You barely miss the killer bee. The killer bee stings you!
The spriggan baker hits you with a dagger!
The killer bee stings you but does no damage.
You barely miss the killer bee. The killer bee stings you.
You are more poisoned.
The killer bee poisons you!
The spriggan baker hits you with a dagger!
You closely miss the killer bee. Your claw misses the killer bee.
You feel sick. The killer bee barely misses you. x2
The spriggan baker barely misses you.
A leopard gecko comes into view.
As you read the scroll of teleportation, it crumbles to dust.
You feel strangely unstable.
You feel sick. The killer bee stings you!
* * * LOW HITPOINT WARNING * * *
The killer bee stings you!
* * * LOW HITPOINT WARNING * * *
The spriggan baker hits you with a dagger!
You die...

........#........## .
######......#### .##.
.#####..###..# ..# .#.....##
##.### #.# ...#########...#
#.## ...####......#.####..##
##...##......#........####
..............#######....###
######........oi@y..l.....!#
##...#####.##########...
#... #.# ## #... #.# #### #.
'. ##


You could see a spriggan baker, a killer bee, an orc and a leopard gecko.

Vanquished Creatures
  Pikel (D:6)
  The ghost of Regeox the Slasher, a novice DsGl (D:6)
  Eustachio (D:6)
  A sky beast (D:6)
  2 ice beasts
  3 centaurs
  A bullfrog (D:6)
  3 killer bees
  3 wights (D:6)
  A crimson imp (D:5)
  2 jellies (D:5)
  4 hounds
  Crazy Yiuf (D:6)
  2 bullfrog skeletons
  2 orc priests
  4 orc wizards (D:5)
  An iguana (D:6)
  9 worker ants (D:6)
  A worker ant zombie (D:7)
  A howler monkey skeleton (D:5)
  3 adders
  2 oozes (D:3)
  2 adder skeletons (D:5)
  2 worms
  2 dart slugs (D:1)
  4 leopard geckos
  23 orcs
  6 bats
  11 giant cockroaches
  4 goblins (D:1)
  10 hobgoblins
  10 jackals
  10 kobolds
  5 quokkas
  5 frilled lizards
  2 leopard gecko skeletons
  5 rats
150 creatures vanquished.

Vanquished Creatures (others)
  4 slaves (D:6)
  A scorpion (D:6)
  A wight (D:6)
  A bush (D:5)
7 creatures vanquished.

Grand Total: 157 creatures vanquished

Notes
Turn   | Place    | Note
-------+----------+-------------------------------------------
     0 | D:1      | hyperaryth the Troll Transmuter began the quest for the Orb.
     0 | D:1      | Reached XP level 1. HP: 18/18 MP: 1/1
    45 | D:1      | Reached XP level 2. HP: 25/26 MP: 2/2
   192 | D:1      | Reached skill level 4 in Unarmed Combat
   381 | D:1      | Reached XP level 3. HP: 31/32 MP: 3/3
  1289 | D:3      | Reached XP level 4. HP: 34/40 MP: 4/4
  1369 | D:3      | Reached skill level 5 in Unarmed Combat
  2117 | D:4      | Reached XP level 5. HP: 20/46 MP: 5/5
  2222 | D:4      | Noticed a sky beast
  2338 | D:4      | Found Bomieb's Magic Scroll Shop.
  2367 | D:4      | Bought a scroll of identify for 26 gold pieces
  2367 | D:4      | Bought a scroll of identify for 26 gold pieces
  2367 | D:4      | Bought a scroll of remove curse for 39 gold pieces
  2367 | D:4      | Bought a scroll of remove curse for 39 gold pieces
  2367 | D:4      | Bought a scroll of identify for 26 gold pieces
  2367 | D:4      | Bought a scroll of identify for 26 gold pieces
  2417 | D:4      | Found a staircase to the Ecumenical Temple.
  2423 | Temple   | Entered the Ecumenical Temple
  2534 | Temple   | Became a worshipper of Makhleb the Destroyer
  2666 | D:4      | Noticed an ogre
  2809 | D:4      | Reached skill level 6 in Unarmed Combat
  3387 | D:5      | Entered Level 5 of the Dungeon
  3443 | D:5      | Noticed a centaur
  3543 | D:5      | Reached XP level 6. HP: 48/54 MP: 6/6
  3585 | D:5      | Noticed an ice beast
  3591 | D:5      | Reached skill level 7 in Unarmed Combat
  3855 | D:5      | Reached skill level 8 in Unarmed Combat
  3855 | D:5      | Reached XP level 7. HP: 61/61 MP: 7/7
  3867 | D:5      | Reached * piety under Makhleb
  4409 | D:6      | Reached skill level 9 in Unarmed Combat
  4471 | D:6      | Noticed Eustachio
  4476 | D:6      | Noticed Regeox's ghost (novice DsGl)
  4514 | D:6      | Killed Regeox's ghost
  4514 | D:6      | Reached skill level 10 in Unarmed Combat
  4514 | D:6      | Reached XP level 8. HP: 31/68 MP: 8/8
  4752 | D:6      | Noticed Pikel
  4784 | D:6      | Killed Pikel
  4784 | D:6      | Reached skill level 11 in Unarmed Combat
  5051 | D:6      | Killed Eustachio
  5081 | D:6      | Reached XP level 9. HP: 68/75 MP: 9/9
  5092 | D:6      | Reached skill level 12 in Unarmed Combat
  5134 | D:6      | Found a runed door.
  5284 | D:6      | Found a runed door.
  5288 | D:6      | Found a runed door.
  5670 | D:6      | Noticed Crazy Yiuf
  5672 | D:6      | Killed Crazy Yiuf
  5672 | D:6      | Reached ** piety under Makhleb
  5796 | D:7      | Found Exoudiu's Food Shoppe.
  6006 | D:7      | Slain by a spriggan baker

Vault maps used:
D:1:      matt_arrival_los_fun
D:2:      kennysheep_generic_room_11
D:3:      first_ration, kennysheep_donut, corexii_shack
D:4:      minmay_temple_entry_fiery, serial_shops, shop
D:5:      kb_lookout_dungeons_type
D:6:      lemuel_insect_pit, uniq_pikel, uniq_eustachio, uniq_crazy_yiuf_cottage
D:7:      serial_shops, shop, the_bakery
Temple:   kilobyte_greek_temple

Skill      XL: |  1  2  3  4  5  6  7  8  9 |
---------------+----------------------------+-----
Unarmed Combat | 4 5 6 8 10 11 12 | 12.0
Dodging        | 4 |  4.3
Fighting       | |  0.7
Spellcasting   | |  1.2
Transmutations | |  1.3

Action                   |  1- 3 |  4- 6 |  7- 9 || total
-------------------------+-------+-------+-------++-------
Melee: Unarmed           |   113 |   137 |   189 ||   439
       Punch             |     2 |     3 |    11 ||    16
  Use: Scroll            |     6 |    11 |     5 ||    22
 Stab: Sleeping          |     2 |     1 |       ||     3
  Eat: Chunk             |    14 |    26 |    20 ||    60
Armor: Robe              |    38 |    67 |    51 ||   156
Dodge: Dodged            |    56 |    66 |    76 ||   198

Table legend:
 A = Spawn XP
 B = Non-spawn XP
 C = Spawn XP percentage of total XP
 D = Spawn monster count
 E = Non-spawn monster count
 F = Spawn count percentage of total count
 G = Total turns spent on level
                    A         B        C        D         E        F      G
               +---------+---------+-------+---------+---------+-------+---------
         Total |       0 |    3811 |   0.0 |       0 |     150 |   0.0 |  6006
               +---------+---------+-------+---------+---------+-------+---------
           D:1 |       0 |      53 |   0.0 |       0 |      28 |   0.0 |   723
           D:2 |       0 |      28 |   0.0 |       0 |      16 |   0.0 |   520
           D:3 |       0 |     100 |   0.0 |       0 |      19 |   0.0 |   915
           D:4 |       0 |      77 |   0.0 |       0 |      15 |   0.0 |  1083
           D:5 |       0 |     797 |   0.0 |       0 |      27 |   0.0 |  1095
           D:6 |       0 |    2378 |   0.0 |       0 |      34 |   0.0 |  1285
           D:7 |       0 |     378 |   0.0 |       0 |      11 |   0.0 |   187
               +---------+---------+-------+---------+---------+-------+---------
